AoeStats
← Don27Juan

Nomad

506923875Analyzed
2v2 RM · 15d ago on Sep 15, 2026· 37m 49s· 4 players
Game mode
Random Map
Map size
176×176
Population
200
Speed
Normal
Resources
Standard
Victory
Conquest
Starting age
Dark Age
Ending age
Imperial Age
RankedLock teamsTeams togetherTeam positionsShared explorationLock speedFull tech treeHidden civsTurbo modeCheats
Victory
Defeat
🇦🇷 Persians · Argentina
1225
+11
🇩🇪 Dravidians · Germany
1200
+12
🇺🇸 Koreans · United States
1135
-12
🇨🇳 Mongols · China
1095
-11
Don27Juan
5:17 Loom
14:05 Feudal Age
18:26 Fletching
19:44 Gold Mining
24:13 Castle Age
22:46 Double-Bit Axe
24:00 Stone Mining
26:46 Bow Saw
26:58 Medium Warships
27:33 Bodkin Arrow
29:44 Wheelbarrow
28:54 Town Watch
36:35 Imperial Age
34:20 Hand Cart
35:10 Scale Mail Armor
35:21 Forging
35:40 Fishing Lines
36:19 Town Patrol
37:37 Chain Mail Armor
37:25 Squires
37:37 Elite Urumi Swordsman
elPreto
6:34 Loom
13:11 Feudal Age
17:04 Castle Age
15:37 Double-Bit Axe
15:43 Fishing Lines
17:59 Bow Saw
19:12 Gillnets
20:49 Town Watch
21:47 Wheelbarrow
21:43 Stone Mining
22:11 Gold Mining
23:25 Hand Cart
24:48 Stone Shaft Mining
24:49 Gold Shaft Mining
24:04 Horse Collar
25:41 Heavy Plow
28:36 Fletching
29:01 Masonry
29:25 Bodkin Arrow
32:12 Imperial Age
30:32 Bloodlines
30:22 Husbandry
30:28 Scale Barding Armor
30:34 Forging
32:05 Devotion
32:56 Conscription
31:57 Elite War Elephant
32:49 Forging
34:10 Chain Barding Armor
34:26 Iron Casting
34:25 Architecture
34:56 Chemistry
35:46 Hoardings
gcsamjw
4:56 Loom
13:16 Feudal Age
13:55 Double-Bit Axe
21:24 Castle Age
21:10 Gold Mining
21:11 Stone Mining
21:22 Fishing Lines
22:24 Medium Warships
22:48 Medium Warships
23:57 Fletching
24:27 Bow Saw
24:44 Bodkin Arrow
27:31 Gillnets
DDDAW
12:15 Feudal Age
14:14 Horse Collar
15:55 Loom
18:41 Castle Age
17:15 Double-Bit Axe
19:26 Heavy Plow
19:43 Bow Saw
22:52 Wheelbarrow
27:27 Stone Mining
29:20 Stone Shaft Mining
32:23 Imperial Age
29:45 Gold Mining
30:18 Padded Archer Armor
31:22 Gold Shaft Mining
31:54 Hand Cart
31:47 Town Watch
32:24 Leather Archer Armor
32:47 Fletching
33:26 Town Patrol
35:19 Chemistry
35:09 Conscription
35:13 Bodkin Arrow
35:28 Forging
36:25 Bracer
37:18 Bloodlines
38:28 Iron Casting
37:57 Husbandry
38:29 Ballistics
Connection lost

Rejoining the realm…

Still unreachable

The connection could not be restored.

Session expired

The server has moved on; the page needs a fresh start.